 Dungeon Crawl Stone Soup version 0.30-a0-632-g346586fe48 (webtiles) character file.

Game seed: 9576901026117646692

317 Mitcholas the Shooter (level 6, -14/36 HPs)
             Began as a Deep Elf Hunter on Jan 13, 2023.
             Demolished by Duvessa
             ... wielding a +0 rapier
              (15 damage)
             ... on level 4 of the Dungeon.
             The game lasted 00:04:13 (2145 turns).

Mitcholas the Shooter (Deep Elf Hunter)             Turns: 2145, Time: 00:04:14

Health: -14/36     AC:  5    Str:  8    XL:     6   Next: 20%
Magic:  8/8        EV: 13    Int: 14    God:
Gold:   165        SH:  0    Dex: 20    Spells: 5/5 levels left

rFire   . . .      SeeInvis .    a - +0 shortbow
rCold   . . .      Faith    .    (shield currently unavailable)
rNeg    . . .      Spirit   .    c - +0 leather armour
rPois   .          Reflect  .    r - +0 helmet
rElec   .          Harm     .    (no cloak)
rCorr   .          Rampage  .    j - +0 pair of gloves
Will    .....                    (no boots)
Stlth   +++                      (no amulet)
HPRegen 0.26/turn                (no ring)
MPRegen 0.11/turn                (no ring)

@: no status effects
A: no striking features
a: no special abilities


You were on level 4 of the Dungeon.
You visited 1 branch of the dungeon, and saw 4 of its levels.

You collected 165 gold pieces.

Inventory:

Hand Weapons
 a - a +0 shortbow (weapon)
Armour
 c - a +0 leather armour (worn)
 j - a +0 pair of gloves (worn)
 r - a +0 helmet (worn)
Wands
 m - a wand of flame (39)
 p - a wand of charming (6)
Scrolls
 b - 2 scrolls of immolation
 d - 2 scrolls of magic mapping {unknown}
 f - 3 scrolls of enchant weapon {unknown}
 i - a scroll of teleportation {unknown}
 l - 2 scrolls of identify {unknown}
 n - a scroll of amnesia {unknown}
 o - a scroll of enchant armour {unknown}
 q - a scroll of blinking {unknown}
Potions
 e - 2 potions of curing {unknown}
 g - 2 potions of haste {unknown}
 h - a potion of brilliance {unknown}
 k - a potion of cancellation {unknown}
 s - a potion of attraction {unknown}


   Skills:
 + Level 2.7 Fighting
 * Level 7.5 Ranged Weapons
 + Level 4.1 Dodging
 + Level 3.7 Stealth


You had 5 spell levels left.
You didn't know any spells.
Your spell library contained the following spells:

 Spells                   Type           Power      Damage    Failure   Level
 Shock                    Conj/Air       0%         1d3       38%         1
 Slow                     Hex            0%         N/A       38%         1
 Confusing Touch          Hex            0%         N/A       77%         3
 Swiftness                Air            0%         N/A       77%         3
 Vampiric Draining        Necr           0%         2d6       77%         3
 Airstrike                Air            0%         2d(0-16)  99%         4


Dungeon Overview and Level Annotations

Branches:
Dungeon (4/15)
 Temple: D:4-7

Altars:
Cheibriados

Annotations:
D:4 Duvessa


Message History

Press: ? - help, Q - select action, (/) - cycle Shift-Dir - straight line, f/p - Duvessa
Aim: Duvessa, wielding a +0 rapier and wearing a +0 chain mail (severely wounded, charmed, berserk, softly glowing, friendly, 91% to hit)
Really fire at your ally Duvessa?
You shoot an arrow.
The arrow hits Duvessa but does no damage.
Duvessa is no longer charmed.
Duvessa is severely wounded.
Fire: a) +0 shortbow
Press: ? - help, Q - select action, (/) - cycle Shift-Dir - straight line, f/p - Duvessa
Aim: Duvessa, wielding a +0 rapier and wearing a +0 chain mail (severely wounded, berserk, softly glowing, 91% to hit)
You shoot an arrow.
The arrow hits Duvessa but does no damage.
Duvessa is severely wounded.
Fire: a) +0 shortbow
Press: ? - help, Q - select action, (/) - cycle Shift-Dir - straight line, f/p - Duvessa
Aim: Duvessa, wielding a +0 rapier and wearing a +0 chain mail (severely wounded, berserk, softly glowing, 91% to hit)
You shoot an arrow.
The arrow hits Duvessa but does no damage.
Duvessa is severely wounded.
Duvessa hits you with a +0 rapier.
Fire: a) +0 shortbow
Press: ? - help, Q - select action, (/) - cycle Shift-Dir - straight line, f/p - Duvessa
Aim: Duvessa, wielding a +0 rapier and wearing a +0 chain mail (severely wounded, berserk, softly glowing, 91% to hit)
You shoot an arrow. The arrow hits Duvessa.
Duvessa is almost dead.
Duvessa barely misses you. Duvessa hits you with a +0 rapier!
* * * LOW HITPOINT WARNING * * *
Fire: a) +0 shortbow
Press: ? - help, Q - select action, (/) - cycle Shift-Dir - straight line, f/p - Duvessa
Aim: Duvessa, wielding a +0 rapier and wearing a +0 chain mail (almost dead, berserk, softly glowing, 91% to hit)
You shoot an arrow. The arrow hits Duvessa.
Duvessa is almost dead.
Duvessa stops glowing.
Duvessa hits you with a +0 rapier.
* * * LOW HITPOINT WARNING * * *
Fire: a) +0 shortbow
Press: ? - help, Q - select action, (/) - cycle Shift-Dir - straight line, f/p - Duvessa
Aim: Duvessa, wielding a +0 rapier and wearing a +0 chain mail (almost dead, berserk, 76% to hit)
You shoot an arrow. The arrow barely misses Duvessa.
Duvessa hits you with a +0 rapier!
You die...

#.#
#.#
#.#
#.#
#.#
#.#
####.#
#....#
#@####
#e#
#.#
#.#
#.# ##
#.# e.
#.# #e
#.# #.
#)#


You could see Duvessa (berserk).

Vanquished Creatures
  A scorpion (D:3)
  A necrophage (D:4)
  A hound (D:3)
  Robin (D:2)
  3 adders (D:2)
  A worm (D:3)
  3 dart slugs
  4 bats
  4 endoplasms
  7 giant cockroaches
  12 goblins
  7 hobgoblins
  4 quokkas
  10 ball pythons
  2 frilled lizards (D:3)
  3 kobolds
  3 rats
67 creatures vanquished.

Vanquished Creatures (collateral kills)
  Dowan (D:4)
1 creature vanquished.

Grand Total: 68 creatures vanquished

Notes
Turn   | Place    | Note
-------+----------+-------------------------------------------
     0 | D:1      | Mitcholas the Deep Elf Hunter began the quest for the Orb.
     0 | D:1      | Reached XP level 1. HP: 12/12 MP: 3/3
    78 | D:1      | You fall into a shaft and drop 1 floor!
    86 | D:2      | Reached XP level 2. HP: 17/17 MP: 4/4
   501 | D:1      | Found a faded altar of an unknown god.
   720 | D:2      | Reached XP level 3. HP: 20/21 MP: 5/5
   864 | D:2      | Reached skill level 6 in Ranged Weapons
   865 | D:2      | Noticed Robin
   882 | D:2      | Killed Robin
  1032 | D:2      | Reached XP level 4. HP: 26/26 MP: 6/6
  1342 | D:3      | Noticed a scorpion
  1866 | D:3      | Reached XP level 5. HP: 31/31 MP: 7/7
  1887 | D:3      | Found a snail-covered altar of Cheibriados.
  1984 | D:3      | Reached skill level 7 in Ranged Weapons
  2051 | D:4      | Reached XP level 6. HP: 28/36 MP: 8/8
  2115 | D:4      | Noticed Duvessa
  2115 | D:4      | Noticed Dowan
  2138 | D:4      | Killed Dowan
  2144 | D:4      | HP: 1/36 [Duvessa/+0 rapier (4)]
  2145 | D:4      | Demolished by Duvessa

Illustrated notes

Levels and vault maps discovered:
D:1:      minmay_arrival_stone_box, layout_rooms,
          dreamdust_ecumenical_altar_angels_and_demons, minmay_curled_crystal
D:2:      layout_loops_ring, minmay_pentomino_p4, uniq_robin
D:3:      layout_basic, kennysheep_slug_shrine
D:4:      layout_loops_ring, led_sif_book, nicolae_uskayaw_dance_hall,
          minmay_misc_feat_five, uniq_duvessa

Skill      XL: |  1  2  3  4  5 |
---------------+----------------+-----
Stealth        | 2 3 |  3.7
Ranged Weapons | 6 7 |  7.5
Dodging        | 3 4 |  4.1
Fighting       | 2 |  2.7

Action                   |  1- 3 |  4- 6 || total
-------------------------+-------+-------++-------
 Fire: Shortbow          |    99 |    96 ||   195
Evoke: Wand              |       |     1 ||     1
Armor: Leather armour    |     9 |     9 ||    18
Dodge: Dodged            |    35 |    28 ||    63

Table legend: (Time is in decaauts)
 A = Elapsed time spent in this place.
 B = Non-inter-level travel time spent in this place.
 C = Inter-level travel time spent in this place.
 D = Time resting spent in this place.
 E = Time spent auto-exploring this place.
 F = Levels seen in this place.
 G = Mean time per level.
                   A        B        C        D        E       F      G
               +--------+--------+--------+--------+--------+-----+--------+
         Total |   2192 |   2059 |    133 |      0 |   1676 |   4 |  548.0 |
       Dungeon |   2192 |   2059 |    133 |      0 |   1676 |   4 |  548.0 |
               +--------+--------+--------+--------+--------+-----+--------+

Top non-repeatable levels by time:
     D:2: 747 daAuts
     D:1: 660 daAuts
     D:3: 628 daAuts
     D:4: 155 daAuts
